 Dungeon Crawl Stone Soup version 0.29-a0-323-g050149af67 (webtiles) character file.

Game seed: 16393197175115467308

3600 Jortsu the Blocker (level 10, -3/84 HPs)
             Began as a Hill Orc Fighter on Apr 10, 2022.
             Was a Follower of Beogh.
             Slain by a troll (7 damage)
             ... on level 6 of the Dungeon.
             The game lasted 00:14:36 (6766 turns).

Jortsu the Blocker (Hill Orc Fighter)               Turns: 6766, Time: 00:14:37

Health: -3/84      AC: 19    Str: 32    XL:     10   Next: 10%
Magic:  10/10      EV:  8    Int: 14    God:    Beogh [*.....]
Gold:   338        SH: 13    Dex: 12    Spells: 9/9 levels left

rFire   . . .      SeeInvis .   n - +9 spear "Pin Kaat" {protect, Int+6}
rCold   . . .      Faith    .   e - +3 kite shield "Urur Yna" {Str+4}
rNeg    . . .      Spirit   .   q - +0 chain mail
rPois   +          Reflect  .   i - +1 helmet
rElec   .          Harm     .   k - scarf {shadows}
rCorr   .          Rampage  .   (no gloves)
Will    .....                   (no boots)
Stlth   ..........              s - amulet of the acrobat
HPRegen 0.24/turn               w - ring of poison resistance
MPRegen 0.12/turn               z - +6 ring of strength

@: under a protective aura
A: no striking features
a: Renounce Religion


You were on level 6 of the Dungeon.
You worshipped Beogh.
Beogh was aware of your devotion.
You visited 1 branch of the dungeon, and saw 7 of its levels.

You collected 338 gold pieces.

Inventory:

Hand Weapons
 a - a +0 war axe
 m - a +1 falchion of flaming
 n - the +9 spear "Pin Kaat" (weapon) {protect, Int+6}
   (You found it on level 3 of the Dungeon)

   It grants its wielder temporary protection when it strikes (+7 to AC).
   Int:       It affects your intelligence (+6).
Armour
 e - the +3 kite shield "Urur Yna" (worn) {Str+4}
   (You acquired it on level 1 of the Dungeon)

   Str:       It affects your strength (+4).
 i - a +1 helmet (worn)
 k - a scarf of shadows (worn)
 q - a +0 chain mail (worn)
Jewellery
 b - a ring of wizardry
 r - a ring of protection from cold
 s - an amulet of the acrobat (around neck)
 t - a +4 ring of evasion
 w - a ring of poison resistance (left hand)
 x - a ring of see invisible
 z - a +6 ring of strength (right hand)
Wands
 d - a wand of flame (11)
 y - a wand of paralysis (9)
Scrolls
 l - 2 scrolls of enchant armour
 o - 2 scrolls of teleportation
 p - a scroll of enchant weapon
 u - a scroll of fear
 A - 3 scrolls of blinking {unknown}
Potions
 c - a potion of brilliance
 f - a potion of haste {unknown}
 g - 2 potions of mutation
 h - 2 potions of curing
 j - a potion of magic
 v - 2 potions of attraction {unknown}
 B - a potion of berserk rage {unknown}


   Skills:
 + Level 6.6 Fighting
 + Level 6.8(9.2) Axes
 + Level 8.1(8.9) Polearms
 + Level 7.1 Armour
 + Level 2.9 Dodging
 + Level 1.1 Stealth
 + Level 8.4 Shields


You had 9 spell levels left.
You didn't know any spells.
Your spell library contained the following spells:

 Spells                   Type           Power      Damage    Failure   Level
 Gell's Gravitas          Tloc           0%         N/A       100%        3
 Ignite Poison            Fire/Tmut/Pois 0%         N/A       100%        3
 Mephitic Cloud           Conj/Pois/Air  0%         N/A       100%        3
 Teleport Other           Tloc           0%         N/A       100%        3
 Freezing Cloud           Conj/Ice/Air   0%         6-21      100%        5
 Dispersal                Tloc           0%         N/A       100%        6


Dungeon Overview and Level Annotations

Branches:
Dungeon (7/15)             Temple (0/1) D:5

Altars:
Ashenzari
Qazlal
Uskayaw
Xom
Yredelemnul

Shops:
D:1 (   D:3 *   D:4 :   D:7 =

Annotations:
D:4 3 runed translucent doors, oberejnoburuli's ghost, novice HuHu


Message History

You hit the gargoyle.
The gargoyle is severely damaged.
You block the gargoyle's attack.
You hit the gargoyle.
The gargoyle is almost destroyed.
You hit the gargoyle but do no damage.
The gargoyle is almost destroyed.
The gargoyle hits you with a +0 mace.
* * * LOW HITPOINT WARNING * * *
You hit the gargoyle but do no damage.
The gargoyle is almost destroyed.
The gargoyle hits you but does no damage.
You hit the gargoyle but do no damage.
The gargoyle is almost destroyed.
You block the gargoyle's attack.
You puncture the gargoyle!
You destroy the gargoyle!
Beogh accepts your kill.
Your Polearms skill increases to level 8!
Your Armour skill increases to level 7!
You hit the troll.
The troll is lightly wounded.
You puncture the troll!
The troll is moderately wounded.
You block the troll's attack. The troll claws you.
* * * LOW HITPOINT WARNING * * *
The troll claws you but does no damage.
You closely miss the troll.
The troll is moderately wounded.
The troll bites you.
* * * LOW HITPOINT WARNING * * *
The troll claws you but does no damage. You block the troll's attack.
You barely miss the troll.
The troll is moderately wounded.
The troll barely misses you. You block the troll's attack. The troll claws you.
* * * LOW HITPOINT WARNING * * *
You closely miss the troll.
The troll is moderately wounded.
You block the troll's attack. The troll claws you!
You die...

.≈.≈.###.......# #.#........##
_≈.≈.###.......###...........#
≈≈.≈...#........)[......)†...#
...≈...#........####....>...##
≈≈≈≈............####........##
...........[....##...........#
........##########?..........#
#.......# ####.#........##
#...###.#### #.@T.##..##..##
.).........####.#####.#####.#
#######.##.#<...#<.....>..#.#
.### #.....#.#######.####.#.#
...###..####.######..####...#
....##..#....#...##.....).#######
...+##########.#.....#.##.##.....
...#≈≈≈≈≈###......#....##.##.###.
...#≈....#.#.#.#...).#..#....#<..


You could see a troll.

Vanquished Creatures
  A gargoyle (D:6)
  A komodo dragon (D:6)
  Grinder (D:4)
  Eustachio (D:4)
  A water moccasin (D:6)
  2 black bears
  An ice beast (D:7)
  2 ogres
  2 centaurs
  2 phantoms
  A kobold brigand (D:6)
  2 bullfrogs (D:6)
  A necrophage (D:5)
  4 scorpions
  6 wights
  A killer bee (D:6)
  9 howler monkeys
  3 jellies
  2 hounds (D:7)
  3 gnoll shamans
  2 iguanas
  2 orc wizards
  Robin (D:2)
  7 adders
  16 gnolls
  A shadow imp (D:6)
  4 white imps
  An ufetubus (D:6)
  4 dart slugs
  6 orcs
  6 ball pythons
  2 endoplasms
  5 giant cockroaches
  13 hobgoblins
  7 jackals (D:1)
  4 quokkas
  7 bats
  5 frilled lizards
  12 goblins
  6 kobolds
  4 rats
161 creatures vanquished.

Vanquished Creatures (others)
  An orc priest (D:6)
  An orc (D:6)
2 creatures vanquished.

Grand Total: 163 creatures vanquished

Notes
Turn   | Place    | Note
-------+----------+-------------------------------------------
     0 | D:1      | Jortsu the Hill Orc Fighter began the quest for the Orb.
     0 | D:1      | Reached XP level 1. HP: 19/19 MP: 1/1
   207 | D:1      | Reached XP level 2. HP: 23/27 MP: 2/2
   285 | D:1      | Found a faded altar of an unknown god.
   299 | D:1      | Found Gippiep's Antique Weapon Shop.
   541 | D:1      | Reached XP level 3. HP: 27/33 MP: 3/3
  1458 | D:1      | Identified a scroll of acquirement
  1458 | D:1      | Acquired the +3 kite shield "Urur Yna" {Str+4}
  1558 | D:2      | Reached XP level 4. HP: 35/40 MP: 4/4
  1992 | D:2      | Noticed Robin
  2006 | D:2      | Killed Robin
  2018 | D:2      | Reached skill level 5 in Axes
  2018 | D:2      | Reached XP level 5. HP: 17/46 MP: 5/5
  2487 | D:3      | Found a basalt altar of Yredelemnul.
  2651 | D:3      | Found Ecyesm's General Store.
  2687 | D:3      | Identified the +9 spear "Pin Kaat" {protect, Int+6}
  2993 | D:3      | Found a shimmering altar of Xom.
  3286 | D:4      | Noticed an orc warrior
  3291 | D:4      | Noticed oberejnoburuli's ghost (novice HuHu)
  3292 | D:4      | Found a runed translucent gate.
  3292 | D:4      | Found a runed translucent gate.
  3292 | D:4      | Found a runed translucent gate.
  3294 | D:4      | Noticed Grinder
  3295 | D:4      | Noticed a black bear
  3300 | D:4      | Paralysed by Grinder for 3 turns
  3306 | D:4      | Killed Grinder
  3307 | D:4      | Reached skill level 1 in Polearms
  3307 | D:4      | Reached skill level 1 in Dodging
  3307 | D:4      | Reached XP level 6. HP: 27/53 MP: 6/6
  3307 | D:4      | Killed a black bear
  3308 | D:4      | Reached XP level 7. HP: 31/60 MP: 7/7
  3534 | D:4      | Reached skill level 5 in Fighting
  3622 | D:4      | Noticed Eustachio
  3634 | D:4      | Killed Eustachio
  3635 | D:4      | Reached skill level 5 in Shields
  3699 | D:4      | Found a broken altar of Ashenzari.
  3712 | D:4      | Found Vuisy's Self-Improvement Boutique.
  4099 | D:5      | Entered Level 5 of the Dungeon
  4111 | D:5      | Found a staircase to the Ecumenical Temple.
  4162 | D:5      | Reached XP level 8. HP: 60/68 MP: 8/8
  4172 | D:5      | Reached skill level 5 in Armour
  4240 | D:6      | Reached skill level 1 in Stealth
  4409 | D:5      | Reached skill level 5 in Polearms
  4914 | D:6      | Became a worshipper of Beogh the Brigand
  4928 | D:6      | Reached XP level 9. HP: 75/75 MP: 9/9
  5194 | D:6      | Found a stormy altar of Qazlal.
  5379 | D:6      | Found a hide-covered altar of Uskayaw.
  5540 | D:7      | Found Xoyfaki's Jewellery Boutique.
  5596 | D:7      | Reached * piety under Beogh
  6668 | D:7      | Noticed a gargoyle
  6668 | D:7      | Noticed a komodo dragon
  6668 | D:7      | Noticed a troll
  6668 | D:7      | Noticed a seven-headed hydra
  6668 | D:7      | Noticed a troll
  6723 | D:6      | Killed a komodo dragon
  6724 | D:6      | Reached XP level 10. HP: 82/84 MP: 10/10
  6761 | D:6      | Killed a gargoyle
  6764 | D:6      | HP: 4/84 [troll (2)]
  6766 | D:6      | Slain by a troll

Illustrated notes

Levels and vault maps discovered:
D:1:      lemuel_arrival_tunnels, layout_loops_corners,
          dreamdust_ecumenical_altar_grove, serial_glass, glass_columns_b,
          glass_columns_a, minmay_strange_pillars, serial_shops,
          nicolae_diamond_shop, minmay_vboxes
D:2:      layout_loops_ring, uniq_robin
D:3:      layout_loops_ring, amcnicky_altar_gilded,
          nicolae_overflow_crystal_walls, serial_shops, shop,
          kennysheep_nondescript
D:4:      layout_rooms, ashenzari_altar_1, serial_glass, glass_columns_b,
          glass_columns_b, feat_on_display, feat_on_display, item_on_display_a,
          gammafunk_ghost_split, minmay_misc_feat_alley, nicolae_shop_self_help,
          uniq_grinder, uniq_eustachio
D:5:      layout_rooms, minmay_temple_entry_gardened_gates
D:6:      minmay_klotski, layout_basic, mainiacjoe_overflow_catwalk_spiral,
          chequers_serial_rivers_room_a, minmay_misc_feat_five,
          kennysheep_cluttered_room, st_stairs_5
D:7:      minmay_the_grid_octo_tiled_octocenter
          [minmay_the_grid_octo_fat_diamond, minmay_the_grid_octo_pinwheel,
          minmay_the_grid_octo_checkerflower, minmay_the_grid_octo_toaster,
          minmay_the_grid_octo_prize_big_c,
          minmay_the_grid_square_5x5_fancy_junction,
          minmay_the_grid_square_5x5_hollow_slash,
          minmay_the_grid_square_5x5_lines, minmay_the_grid_square_5x5_inset],
          layout_loops_ring, serial_shops, shop, nicolae_lakefront_shop,
          enter_bailey_2

Skill      XL: |  1  2  3  4  5  6  7  8  9 10 |
---------------+-------------------------------+-----
Axes           | 3 4 5 6 |  6.8
Fighting       | 4 5 6 |  6.6
Shields        | 4 5 6 8 |  8.4
Polearms       | 1 3 5 7 8 |  8.1
Armour         | 4 5 6 7 |  7.1
Dodging        | 1 2 |  2.9
Stealth        | 1 |  1.1

Action                   |  1- 3 |  4- 6 |  7- 9 | 10-12 || total
-------------------------+-------+-------+-------+-------++-------
Melee: War axe           |   107 |    91 |       |       ||   198
       Spear             |       |    21 |   299 |    29 ||   349
Invok: Convert to Beogh  |       |       |     1 |       ||     1
  Use: Scroll            |     5 |     8 |     5 |       ||    18
       Potion            |       |     1 |     1 |       ||     2
Armor: Scale mail        |    47 |    56 |     4 |       ||   107
       Chain mail        |       |       |   124 |    12 ||   136
Dodge: Dodged            |    68 |    47 |   104 |    14 ||   233
Block: Buckler           |    16 |       |       |       ||    16
       Kite shield       |     4 |    77 |   215 |    29 ||   325

Table legend: (Time is in decaauts)
 A = Elapsed time spent in this place.
 B = Non-inter-level travel time spent in this place.
 C = Inter-level travel time spent in this place.
 D = Time resting spent in this place.
 E = Time spent auto-exploring this place.
 F = Levels seen in this place.
 G = Mean time per level.
                   A        B        C        D        E       F      G
               +--------+--------+--------+--------+--------+-----+--------+
         Total |   6822 |   6659 |    163 |   1267 |   3714 |   7 |  974.6 |
       Dungeon |   6822 |   6659 |    163 |   1267 |   3714 |   7 |  974.6 |
               +--------+--------+--------+--------+--------+-----+--------+

Top non-repeatable levels by time:
     D:1: 1570 daAuts
     D:6: 1393 daAuts
     D:2: 993 daAuts
     D:4: 829 daAuts
     D:3: 790 daAuts
     D:5: 656 daAuts
     D:7: 588 daAuts
